 Dungeon Crawl Stone Soup version 0.31-a0-1549-g5ff9445e89 (webtiles) character file.

Game seed: 5712916439709356486

58 Xavori the Trooper (level 4, -1/32 (35) HPs)
             Began as a Djinni Chaos Knight on Jan 2, 2024.
             Was a Plaything of Xom.
             Killed from afar by a white imp (15 damage)
             ... with a puff of frost
             ... summoned by Xom
             ... on level 2 of the Dungeon.
             The game lasted 00:01:56 (6694 turns).

Xavori the Trooper (Djinni Chaos Knight)            Turns: 6694, Time: 00:01:57

HP:   -1/32 (35)    AC:  7    Str: 11    XL:     4   Next: 21%
Gold: 180           EV: 12    Int: 14    God:    Xom [...*..] SH:  0 Dex: 14

rFire   + + .        a - +0 falchion (chaos)
rCold   x . .        (no shield)
rNeg    . . .        b - +2 leather armour
rPois   ∞            (helmet restricted)
rElec   .            (no cloak)
rCorr   .            (no gloves)
SInv    .            (boots unavailable)
Will    .....        (no amulet)
Stlth   +            (no ring)
HPRegen 0.25/turn    (no ring)
MPRegen 0.00/turn

%: infuse magic (-2 HP)
@: flying, drained
A: sickness immunity, fire resistance 2, cold vulnerability 1, float, innate
caster, HP casting, extra vitality 1, horns 1, iridescent scales 1, MP-powered
wands
a: Renounce Religion


You were on level 2 of the Dungeon.
You worshipped Xom.
You were a favourite toy of Xom.
You visited 1 branch of the dungeon, and saw 2 of its levels.

You collected 180 gold pieces.

Inventory:

Hand Weapons
 a - a +0 falchion of chaos (weapon)
 h - the +5 short sword of Vojyokhyerph {venom, rElec rC- Dex+6 Stlth+}
   (You found it on level 2 of the Dungeon)

   Dex+6:     It affects your dexterity (+6).
   rC-:       It makes you vulnerable to cold.
   rElec:     It insulates you from electricity.
   Stlth+:    It makes you more stealthy.
Armour
 b - a +2 leather armour (worn)
Scrolls
 c - a scroll of butterflies
 d - a scroll of teleportation
 f - a scroll of identify
 i - a scroll of torment
 j - 2 scrolls of poison {unknown}
Potions
 e - a potion of resistance {unknown}
 g - a potion of invisibility {unknown}


   Skills:
 + Level 3.3 Fighting
 + Level 3.0 Long Blades
 + Level 1.6 Armour
 + Level 2.6 Dodging
 * Level 1.3 Spellcasting
 * Level 1.3 Conjurations
 * Level 1.3 Hexes
   Level 0.0 Charms
 * Level 1.3 Summonings
 * Level 1.3 Necromancy
 * Level 1.3 Translocations
   Level 0.0 Transmutations
 * Level 1.3 Fire Magic
 * Level 1.3 Ice Magic
 * Level 1.3 Air Magic
 * Level 1.3 Earth Magic
 * Level 1.3 Alchemy


You knew the following spells:

 Your Spells              Type           Power      Damage    Failure   Level
a - Foxfire               Conj/Fire      16%        2x1d4     21%         1
Your spell library was empty.

Dungeon Overview and Level Annotations

Branches:
Dungeon (2/15)

Altars:
Trog


Innate Abilities, Weirdness & Mutations

You are immune to sickness and miasma.
You are immune to poison.
Your flesh is very heat resistant. (rF++)
You are vulnerable to cold. (rC-)
You float through the air rather than walking.
You learn spells naturally, not from books.
Your magical power is your life essence.
You have superior vitality. (+4 MHP)
You have a pair of small horns on your head.
You are partially covered in iridescent scales. (AC +2)
You expend health (3 HP) to strengthen your wands.


Message History

Things that are here:
a +0 club; a goblin corpse You see here a +1 dagger of venom.
No target in view! "Time to have some fun!"
You hit the iron imp but do no damage. The iron imp closely misses you.
There are monsters nearby!
You hit the iron imp but do no damage. You headbutt the iron imp.
The iron imp is lightly wounded.
The quasit barely misses you. The quasit closely misses you.
The quasit claws you.
There are monsters nearby!
You hit the iron imp.
You headbutt the iron imp, but do no damage.
The iron imp is heavily wounded.
The iron imp summons a swarm of flies.
The iron imp hits you. The quasit barely misses you.
The quasit closely misses you. The quasit barely misses you.
You slash the iron imp!
The iron imp convulses!
You kill the iron imp!
The iron imp disappears in a puff of smoke!
The quasit bites you but does no damage.
The quasit claws you. The quasit barely misses you.
The white imp gestures at you. The puff of frost hits you!
You feel a terrible chill!
Xom roars with laughter!
The quasit bites you but does no damage.
The quasit claws you but does no damage.
The quasit closely misses you. The white imp barely misses you.
The quasit barely misses you.
The quasit claws you but does no damage. x2
You hit the white imp.
The white imp is heavily wounded.
The quasit bites you.
The quasit claws you but does no damage.
The quasit barely misses you. The white imp gestures at you.
The puff of frost hits you!
You feel a terrible chill!
You die... "What!?
That's it?"

#.......# #.......#
#.......###
###..........#
##.........##.#
...#.......##.#
...#.......##.##
......##.####..#########
..###....#####.5@......#
..#####.......).5....).#
....# #..#######.......#
....###.## #.......#
###...#.#### #########
#.........# #.........#
#......^..# #........)#


You could see a quasit (summoned) and a white imp (summoned).

Vanquished Creatures
  An adder (D:2)
  A dart slug (D:1)
  3 endoplasms
  A giant cockroach (D:1)
  6 goblins
  2 hobgoblins
  7 jackals
  2 kobolds (D:2)
  4 quokkas
  4 ball pythons
  3 bats (D:1)
  A frilled lizard (D:1)
  5 rats
40 creatures vanquished.

Notes
Turn   | Place    | Note
-------+----------+-------------------------------------------
     0 | D:1      | Xavori the Djinni Chaos Knight began the quest for the Orb.
     0 | D:1      | Reached XP level 1. HP: 20/20 MP: 0/0
    76 | D:1      | Reached XP level 2. HP: 23/25 MP: 0/0
   359 | D:1      | Reached XP level 3. HP: 30/30 MP: 0/0
   359 | D:1      | Learned a level 1 spell: Foxfire
   362 | D:1      | Reached skill level 1 in Spellcasting
   362 | D:1      | Reached skill level 1 in Conjurations
   362 | D:1      | Reached skill level 1 in Hexes
   362 | D:1      | Reached skill level 1 in Summonings
   362 | D:1      | Reached skill level 1 in Necromancy
   362 | D:1      | Reached skill level 1 in Translocations
   362 | D:1      | Reached skill level 1 in Fire Magic
   362 | D:1      | Reached skill level 1 in Ice Magic
   362 | D:1      | Reached skill level 1 in Air Magic
   362 | D:1      | Reached skill level 1 in Earth Magic
   362 | D:1      | Reached skill level 1 in Alchemy
   678 | D:2      | Identified the +5 short sword of Vojyokhyerph {venom, rElec
                  | rC- Dex+6 Stlth+}
  1702 | D:1      | XOM: divination: detect items
  1720 | D:1      | XOM: divination: detect creatures
  2206 | D:1      | XOM: divination: detect creatures
  2382 | D:1      | XOM is BORED!
  2382 | D:1      | XOM: silly message
  2666 | D:1      | XOM: silly message
  3093 | D:1      | XOM: silly message
  3941 | D:1      | XOM: cloud trail
  4142 | D:1      | XOM: silly message
  4207 | D:1      | XOM: silly message
  4330 | D:1      | XOM: silly message
  4370 | D:1      | XOM is BORED!
  4370 | D:1      | XOM: summons 1 hostile demon
  4993 | D:1      | XOM: give mutations
  4993 | D:1      | Gained mutation: You have hidden genetic defects. [Xom's
                  | mischief]
  4993 | D:1      | Gained mutation: You have a pair of small horns on your
                  | head. [Xom's mischief]
  4993 | D:1      | Gained mutation: You expend health (3 HP) to strengthen
                  | your wands. [Xom's mischief]
  5147 | D:1      | XOM: draining
  5632 | D:1      | XOM: noise
  6247 | D:1      | XOM: give mutations
  6247 | D:1      | Lost mutation: You have hidden genetic defects. [Xom's
                  | mischief]
  6247 | D:1      | Gained mutation: You are partially covered in iridescent
                  | scales. (AC +2) [Xom's mischief]
  6366 | D:2      | Found a bloodstained altar of Trog.
  6545 | D:2      | XOM: god gift: glowing flail {god gift}
  6575 | D:2      | Reached XP level 4. HP: 30/32 MP: 0/0
  6688 | D:2      | XOM: summons 3 hostile demons
  6694 | D:2      | Killed from afar by a white imp

Illustrated notes

Levels and vault maps discovered:
D:1:      mrwooster_arrival_arrow, layout_rooms, minivault_26,
          minmay_misc_feat_diagonals
D:2:      layout_rooms, basic_altar, minmay_gold_behind_fungi

Skill      XL: |  1  2  3 |
---------------+----------+-----
Spellcasting   | 1 |  1.3
Conjurations   | 1 |  1.3
Hexes          | 1 |  1.3
Summonings     | 1 |  1.3
Necromancy     | 1 |  1.3
Translocations | 1 |  1.3
Fire Magic     | 1 |  1.3
Ice Magic      | 1 |  1.3
Air Magic      | 1 |  1.3
Earth Magic    | 1 |  1.3
Alchemy        | 1 |  1.3
Long Blades    | 3 |  3.0
Fighting       | |  3.3
Armour         | |  1.6
Dodging        | |  2.6

Action                     |  1- 3 |  4- 6 || total
---------------------------+-------+-------++-------
  Melee: Falchion          |    84 |    25 ||   109
         Short sword       |     7 |       ||     7
         Headbutt          |     3 |     7 ||    10
    Use: Scroll            |       |     2 ||     2
   Stab: Sleeping          |     1 |       ||     1
 Armour: Leather armour    |    49 |    22 ||    71
  Dodge: Dodged            |    63 |    32 ||    95

Table legend: (Time is in decaauts)
 A = Elapsed time spent in this place.
 B = Non-inter-level travel time spent in this place.
 C = Inter-level travel time spent in this place.
 D = Time resting spent in this place.
 E = Time spent auto-exploring this place.
 F = Levels seen in this place.
 G = Mean time per level.
                   A        B        C        D        E       F      G
               +--------+--------+--------+--------+--------+-----+--------+
         Total |   6712 |   6693 |     19 |   5636 |    777 |   2 | 3356.0 |
       Dungeon |   6712 |   6693 |     19 |   5636 |    777 |   2 | 3356.0 |
               +--------+--------+--------+--------+--------+-----+--------+

Top non-repeatable levels by time:
     D:1: 5924 daAuts
     D:2: 787 daAuts
